PBL
WINNIPEG GOLDEYES @ WINDY CITY THUNDERBOLTS
08/23/2048
 
TOP OF THE 1ST
Winnipeg Goldeyes batting - Pitching for Windy City ThunderBolts : RHP Dusty Haberstroh
Pitching: RHP Dusty Haberstroh
Batting: RHB Mike Berzins 0-0: SINGLE (Groundball, 56S, EV 60.6 MPH) (infield hit)
Batting: SHB Tim Lloyd 0-0: Called Strike
0-1: Ball
1-1: Foul Ball, location: 2F
1-2: Strikes out swinging
Batting: SHB Victor Turrubiate 0-0: Called Strike
0-1: 2-RUN HOME RUN (Flyball, 8RXD, EV 111.2 MPH), Distance : 434 ft
Batting: RHB Terry Oetker 0-0: Called Strike
0-1: Called Strike
0-2: Ball
1-2: Ball
2-2: Ball
3-2: Base on Balls
Batting: RHB Alejandro de Jesus 0-0: Swinging Strike
0-1: SINGLE (Line Drive, 6D, EV 98.1 MPH)
Terry Oetker to second
Batting: RHB Yu-zeng Mai 0-0: Ball
1-0: Ball
2-0: Grounds into double play, 5-4-3 (Groundball, 56, EV 106.9 MPH)
Top of the 1st over - 2 runs, 3 hits, 0 errors, 1 left on base; Winnipeg 2 - Windy City 0
BOTTOM OF THE 1ST
Windy City ThunderBolts batting - Pitching for Winnipeg Goldeyes : RHP Jose Barrientos
Pitching: RHP Jose Barrientos
Batting: RHB Dave Dominguez 0-0: Foul Ball, location: 2F
0-1: Ball
1-1: Foul Ball, location: 2F
1-2: Fly out, F7 (Flyball, 7, EV 91.9 MPH)
Batting: RHB Eddie Dimas 0-0: Ball
1-0: Called Strike
1-1: Ball
2-1: Ground out 4-3 (Groundball, 4, EV 91.2 MPH)
Batting: SHB Danny Gallegos 0-0: Ball
1-0: SINGLE (Line Drive, 9S, EV 100.0 MPH)
Batting: RHB Kaoru Hamada 0-0: Called Strike
0-1: Ball
1-1: Ball
2-1: Called Strike
2-2: Foul Ball, location: 2F
2-2: Strikes out looking
Bottom of the 1st over - 0 runs, 1 hit, 0 errors, 1 left on base; Winnipeg 2 - Windy City 0
TOP OF THE 2ND
Winnipeg Goldeyes batting - Pitching for Windy City ThunderBolts : RHP Dusty Haberstroh
Batting: RHB Ned Scovell 0-0: Fly out, F9 (Flyball, 9, EV 84.4 MPH)
Batting: RHB Andy Valenzuela 0-0: Ball
1-0: Called Strike
1-1: Fly out, F7 (Flyball, 7D, EV 101.9 MPH)
Batting: RHB Justin Palko 0-0: Fly out, F7 (Flyball, 78S, EV 86.2 MPH)
Top of the 2nd over - 0 runs, 0 hits, 0 errors, 0 left on base; Winnipeg 2 - Windy City 0
BOTTOM OF THE 2ND
Windy City ThunderBolts batting - Pitching for Winnipeg Goldeyes : RHP Jose Barrientos
Batting: RHB Nhat Phong 0-0: Ball
1-0: Foul Ball, location: 2F
1-1: Foul Ball, location: 2F
1-2: Ball
2-2: Foul Ball, location: 2F
2-2: Ball
3-2: Strikes out swinging
Batting: RHB Miguel Pacheco 0-0: SOLO HOME RUN (Flyball, 8LXD, EV 116.9 MPH), Distance : 479 ft
Batting: RHB Paul Holland 0-0: Ball
1-0: Called Strike
1-1: Hit by Pitch
Batting: RHB Klaus Brown 0-0: Ball
1-0: Ball
2-0: Foul Ball, location: 2F
2-1: Called Strike
2-2: Foul Ball, location: 2F
2-2: Foul Ball, location: 2F
2-2: Ball
3-2: Strikes out swinging
Batting: RHB Sim Damit 0-0: Foul Ball, location: 2F
0-1: Swinging Strike
0-2: Ball
1-2: Foul Ball, location: 2F
1-2: Strikes out swinging
Bottom of the 2nd over - 1 run, 1 hit, 0 errors, 1 left on base; Winnipeg 2 - Windy City 1
TOP OF THE 3RD
Winnipeg Goldeyes batting - Pitching for Windy City ThunderBolts : RHP Dusty Haberstroh
Batting: RHB Mike Berzins 0-0: Swinging Strike
0-1: Fly out, F8 (Flyball, 8LD, EV 97.5 MPH)
Batting: SHB Tim Lloyd 0-0: Called Strike
0-1: Ball
1-1: Fly out, F9 (Flyball, 9LM, EV 84.4 MPH)
Batting: SHB Victor Turrubiate 0-0: Ball
1-0: Ball
2-0: Ball
3-0: Base on Balls
Batting: RHB Terry Oetker 0-0: Ball
Victor Turrubiate steals 2nd, throwing error, E2
Victor Turrubiate to third
1-0: Ball
2-0: Called Strike
2-1: Ball
3-1: Swinging Strike
3-2: 2-RUN HOME RUN (Flyball, 7D, EV 98.8 MPH), Distance : 395 ft
Batting: RHB Alejandro de Jesus 0-0: SINGLE (Line Drive, 8LS, EV 100.6 MPH)
Batting: RHB Yu-zeng Mai 0-0: Ball
1-0: Foul Ball, location: 2F
1-1: Fly out, F9 (Flyball, 89M, EV 77.5 MPH)
Top of the 3rd over - 2 runs, 2 hits, 1 error, 1 left on base; Winnipeg 4 - Windy City 1
BOTTOM OF THE 3RD
Windy City ThunderBolts batting - Pitching for Winnipeg Goldeyes : RHP Jose Barrientos
Batting: RHB Dave Dominguez 0-0: Foul Ball, location: 2F
0-1: Foul Ball, location: 2F
0-2: Ball
1-2: SOLO HOME RUN (Flyball, 78XD, EV 107.5 MPH), Distance : 419 ft
Batting: RHB Eddie Dimas 0-0: Ball
1-0: Foul Ball, location: 2F
1-1: Ball
2-1: Foul Ball, location: 2F
2-2: Foul Ball, location: 2F
2-2: Strikes out swinging
Batting: SHB Danny Gallegos 0-0: Ball
1-0: Ball
2-0: SOLO HOME RUN (Flyball, 9D, EV 98.1 MPH), Distance : 372 ft
Batting: RHB Kaoru Hamada 0-0: Ball
1-0: Swinging Strike
1-1: Fly out, F8 (Flyball, 8LM, EV 85.0 MPH)
Batting: RHB Nhat Phong 0-0: Ball
1-0: Ball
2-0: Called Strike
2-1: Swinging Strike
2-2: Strikes out swinging
Bottom of the 3rd over - 2 runs, 2 hits, 0 errors, 0 left on base; Winnipeg 4 - Windy City 3
TOP OF THE 4TH
Winnipeg Goldeyes batting - Pitching for Windy City ThunderBolts : RHP Dusty Haberstroh
Batting: RHB Ned Scovell 0-0: Foul Ball, location: 2F
0-1: Foul Ball, location: 2F
0-2: Strikes out swinging
Batting: RHB Andy Valenzuela 0-0: Called Strike
0-1: Foul Ball, location: 2F
0-2: Ball
1-2: Ground out 1-3 (Groundball, P, EV 68.8 MPH)
Pitching: RHP Jeremy Brown
Batting: RHB Justin Palko 0-0: Ball
1-0: SOLO HOME RUN (Flyball, 9LD, EV 93.8 MPH), Distance : 338 ft
Batting: RHB Mike Berzins 0-0: Ball
1-0: Swinging Strike
1-1: Ground out 1-3 (Groundball, 13S, EV 63.1 MPH)
Top of the 4th over - 1 run, 1 hit, 0 errors, 0 left on base; Winnipeg 5 - Windy City 3
BOTTOM OF THE 4TH
Windy City ThunderBolts batting - Pitching for Winnipeg Goldeyes : RHP Jose Barrientos
Batting: RHB Miguel Pacheco 0-0: Called Strike
0-1: Ball
1-1: Ground out 1-3 (Groundball, 15S, EV 70.6 MPH)
Batting: RHB Paul Holland 0-0: Ball
1-0: Called Strike
1-1: Ball
2-1: Fly out, F7 (Flyball, 7LM, EV 79.4 MPH)
Batting: RHB Klaus Brown 0-0: Called Strike
0-1: Foul Ball, location: 2F
0-2: Strikes out swinging
Bottom of the 4th over - 0 runs, 0 hits, 0 errors, 0 left on base; Winnipeg 5 - Windy City 3
TOP OF THE 5TH
Winnipeg Goldeyes batting - Pitching for Windy City ThunderBolts : RHP Jeremy Brown
Batting: SHB Tim Lloyd 0-0: Called Strike
0-1: Foul Ball, location: 2F
0-2: Ball
1-2: Ball
2-2: Ball
3-2: Strikes out looking
Batting: SHB Victor Turrubiate 0-0: Called Strike
0-1: SINGLE (Groundball, 4M, EV 105.0 MPH) (infield hit)
Batting: RHB Terry Oetker 0-0: Called Strike
Victor Turrubiate is caught stealing 2nd base 2-4
0-1: Foul Ball, location: 2F
0-2: Foul Ball, location: 2F
0-2: Ball
1-2: Ball
2-2: Foul Ball, location: 2F
2-2: Foul Ball, location: 2F
2-2: Ball
3-2: Fly out, F9 (Line Drive, 9S, EV 93.8 MPH)
Top of the 5th over - 0 runs, 1 hit, 0 errors, 0 left on base; Winnipeg 5 - Windy City 3
BOTTOM OF THE 5TH
Windy City ThunderBolts batting - Pitching for Winnipeg Goldeyes : RHP Jose Barrientos
Batting: RHB Sim Damit 0-0: Ball
1-0: Ball
2-0: Called Strike
2-1: Ball
3-1: Swinging Strike
3-2: Strikes out looking
Batting: RHB Dave Dominguez 0-0: Ball
1-0: Called Strike
1-1: Swinging Strike
1-2: Foul Ball, location: 2F
1-2: Foul Ball, location: 2F
1-2: Ground out U3 (Groundball, 34S, EV 81.9 MPH)
Batting: RHB Eddie Dimas 0-0: Ball
1-0: Ball
2-0: Swinging Strike
2-1: Ball
3-1: Base on Balls
Batting: SHB Danny Gallegos 0-0: Called Strike
0-1: Foul Ball, location: 2F
0-2: Ball
1-2: Ball
2-2: Strikes out swinging
Bottom of the 5th over - 0 runs, 0 hits, 0 errors, 1 left on base; Winnipeg 5 - Windy City 3
TOP OF THE 6TH
Winnipeg Goldeyes batting - Pitching for Windy City ThunderBolts : RHP Jeremy Brown
Batting: RHB Alejandro de Jesus 0-0: Ball
1-0: Called Strike
1-1: Foul Ball, location: 2F
1-2: DOUBLE (Popup, 34D, EV 60.0 MPH)
Batting: RHB Yu-zeng Mai 0-0: Ball
1-0: Ball
2-0: Called Strike
2-1: Ball
3-1: Ground out 1-5-3 (Groundball, 15S, EV 103.8 MPH)
Alejandro de Jesus to third
Batting: RHB Ned Scovell 0-0: Called Strike
0-1: Swinging Strike
0-2: Foul Ball, location: 2F
0-2: Strikes out swinging
Batting: RHB Andy Valenzuela 0-0: Called Strike
0-1: DOUBLE (Flyball, 8RD, EV 95.0 MPH)
Alejandro de Jesus scores
Batting: RHB Justin Palko 0-0: Called Strike
0-1: Foul Ball, location: 2F
0-2: Foul Ball, location: 2F
0-2: 2-RUN HOME RUN (Flyball, 8RXD, EV 115.6 MPH), Distance : 453 ft
Pitching: LHP Tyler Thackeray
Batting: RHB Mike Berzins 0-0: Ball
1-0: SINGLE (Line Drive, 7S, EV 93.8 MPH)
Batting: SHB Tim Lloyd 0-0: Called Strike
0-1: Called Strike
0-2: Strikes out looking
Top of the 6th over - 3 runs, 4 hits, 0 errors, 1 left on base; Winnipeg 8 - Windy City 3
BOTTOM OF THE 6TH
Windy City ThunderBolts batting - Pitching for Winnipeg Goldeyes : RHP Jose Barrientos
Pitching: RHP Josh Dusek
Batting: RHB Kaoru Hamada 0-0: Foul Ball, location: 2F
0-1: SINGLE (Flyball, 8LS, EV 88.8 MPH)
Pitching: RHP Ryan Kraemer
Batting: RHB Nhat Phong 0-0: Called Strike
Kaoru Hamada is caught stealing 2nd base 2-4
0-1: Called Strike
0-2: Ball
1-2: DOUBLE (Groundball, 3L, EV 103.8 MPH)
Batting: RHB Miguel Pacheco 0-0: Called Strike
0-1: Called Strike
0-2: Foul Ball, location: 2F
0-2: 2-RUN HOME RUN (Line Drive, 7D, EV 107.5 MPH), Distance : 383 ft
Batting: RHB Paul Holland 0-0: SINGLE (Flyball, 34D, EV 91.9 MPH)
Batting: RHB Klaus Brown 0-0: Ball
1-0: Swinging Strike
1-1: Ball
2-1: Swinging Strike
2-2: Foul Ball, location: 2F
2-2: Strikes out looking
Batting: RHB Sim Damit 0-0: Foul Ball, location: 2F
0-1: Ball
1-1: Fielders Choice at 2nd, 5-4 (Groundball, 5, EV 88.8 MPH)
Bottom of the 6th over - 2 runs, 4 hits, 0 errors, 1 left on base; Winnipeg 8 - Windy City 5
TOP OF THE 7TH
Winnipeg Goldeyes batting - Pitching for Windy City ThunderBolts : LHP Tyler Thackeray
Batting: SHB Victor Turrubiate 0-0: Ball
1-0: Ball
2-0: Called Strike
2-1: Foul Ball, location: 2F
2-2: Ball
3-2: Base on Balls
Batting: RHB Terry Oetker 0-0: Swinging Strike
0-1: Fly out, F9 (Flyball, 9, EV 79.4 MPH)
Batting: RHB Alejandro de Jesus 0-0: Ball
Victor Turrubiate is caught stealing 2nd base 2-4
1-0: Fly out, F9 (Flyball, 9, EV 93.8 MPH)
Top of the 7th over - 0 runs, 0 hits, 0 errors, 0 left on base; Winnipeg 8 - Windy City 5
BOTTOM OF THE 7TH
Windy City ThunderBolts batting - Pitching for Winnipeg Goldeyes : RHP Ryan Kraemer
Batting: RHB Dave Dominguez 0-0: Ball
1-0: Called Strike
1-1: Foul Ball, location: 2F
1-2: Foul Ball, location: 2F
1-2: Strikes out looking
Batting: RHB Eddie Dimas 0-0: Ball
1-0: Fly out, F8 (Flyball, 8RM, EV 87.5 MPH)
Batting: SHB Danny Gallegos 0-0: Called Strike
0-1: SOLO HOME RUN (Flyball, 89XD, EV 113.8 MPH), Distance : 437 ft
Pitching: RHP Jason McCaw
Batting: RHB Kaoru Hamada 0-0: Fly out, F8 (Line Drive, 78D, EV 97.5 MPH)
Bottom of the 7th over - 1 run, 1 hit, 0 errors, 0 left on base; Winnipeg 8 - Windy City 6
TOP OF THE 8TH
Winnipeg Goldeyes batting - Pitching for Windy City ThunderBolts : LHP Tyler Thackeray
Batting: RHB Yu-zeng Mai 0-0: Called Strike
0-1: Ball
1-1: Foul Ball, location: 2F
1-2: Ball
2-2: Foul Ball, location: 2F
2-2: Ball
3-2: Base on Balls
Batting: RHB Ned Scovell 0-0: Ball
1-0: Ball
2-0: Ball
3-0: Called Strike
3-1: Swinging Strike
3-2: Foul Ball, location: 2F
3-2: Foul Ball, location: 2F
3-2: Strikes out swinging
Batting: RHB Andy Valenzuela 0-0: Called Strike
0-1: Ball
1-1: Ball
2-1: Called Strike
2-2: Strikes out swinging
Yu-zeng Mai steals 2nd base
Batter strikes out.
Pitching: RHP Fred George
Batting: RHB Justin Palko 0-0: Called Strike
0-1: Ball
1-1: Swinging Strike
1-2: Foul Ball, location: 2F
1-2: Ball
2-2: Ground out 6-3 (Groundball, 6, EV 85.6 MPH)
Top of the 8th over - 0 runs, 0 hits, 0 errors, 1 left on base; Winnipeg 8 - Windy City 6
BOTTOM OF THE 8TH
Windy City ThunderBolts batting - Pitching for Winnipeg Goldeyes : RHP Jason McCaw
Pinch Hitting: RHB Donovan Deason 0-0: Swinging Strike
0-1: Ball
1-1: Swinging Strike
1-2: Ball
2-2: Ball
3-2: Base on Balls
Batting: RHB Miguel Pacheco 0-0: Swinging Strike
0-1: Foul Ball, location: 2F
0-2: Strikes out swinging
Batting: RHB Paul Holland 0-0: Ball
1-0: Foul Ball, location: 2F
1-1: Fielders Choice at 2nd, 6-4 (Groundball, 6S, EV 88.8 MPH)
Batting: RHB Klaus Brown 0-0: Swinging Strike
0-1: Swinging Strike
0-2: Strikes out swinging
Bottom of the 8th over - 0 runs, 0 hits, 0 errors, 1 left on base; Winnipeg 8 - Windy City 6
TOP OF THE 9TH
Winnipeg Goldeyes batting - Pitching for Windy City ThunderBolts : RHP Fred George
Now at 3B: Donovan Deason
Batting: RHB Mike Berzins 0-0: Called Strike
0-1: Ground out 4-3 (Groundball, 4, EV 98.1 MPH)
Batting: SHB Tim Lloyd 0-0: Called Strike
0-1: Called Strike
0-2: Strikes out swinging
Batting: SHB Victor Turrubiate 0-0: Ball
1-0: Ball
2-0: Called Strike
2-1: Swinging Strike
2-2: Strikes out swinging
Top of the 9th over - 0 runs, 0 hits, 0 errors, 0 left on base; Winnipeg 8 - Windy City 6
BOTTOM OF THE 9TH
Windy City ThunderBolts batting - Pitching for Winnipeg Goldeyes : RHP Jason McCaw
Now at 1B: Fernando Membreno
Pinch Hitting: RHB Camillo Bonauiti 0-0: Ball
1-0: Foul Ball, location: 2F
1-1: Foul Ball, location: 2F
1-2: Foul Ball, location: 2F
1-2: Foul Ball, location: 2F
1-2: Ball
2-2: Strikes out looking
Batting: RHB Dave Dominguez 0-0: Ground out 4-3 (Groundball, 4, EV 82.5 MPH)
Batting: RHB Eddie Dimas 0-0: Called Strike
0-1: Ball
1-1: Ball
2-1: DOUBLE (Groundball, 5L, EV 101.9 MPH)
Pitching: RHP Curtis Melchert
Batting: SHB Danny Gallegos 0-0: Swinging Strike
0-1: Ground out 5-3 (Groundball, 15, EV 83.8 MPH)
Bottom of the 9th over - 0 runs, 1 hit, 0 errors, 1 left on base; Winnipeg 8 - Windy City 6
Tuesday, March 28th , 2023 - OOTP Baseball 23.10 Build 110